 Dungeon Crawl Stone Soup version 0.31-a0-765-g67fe2935dc (webtiles) character file.

Game seed: 14280955071003951506

5143 Maratek the Cleaver (level 10, -29/62 HPs)
             Began as an Octopode Fighter on Sept 15, 2023.
             Was a Believer of Hepliaklqana.
             Annihilated by a titanic slime creature (91 damage)
             ... on level 8 of the Dungeon.
             The game lasted 00:16:18 (7449 turns).

Maratek the Cleaver (Octopode Fighter)              Turns: 7449, Time: 00:16:19

Health: -29/62     AC: 12    Str: 25    XL:     10   Next: 58%
Magic:  0/10       EV: 14    Int: 15    God:    Hepliaklqana [**....]
Gold:   260        SH:  6    Dex: 11    Spells: 9/9 levels left

rFire   x . .        a - +1 war axe (protect)
rCold   + . .        b - +1 buckler
rNeg    . . .        (helmet restricted)
rPois   .            d - amulet "Umutydad" {Spirit Int+3 SInv}
rElec   .            l - ring of see invisible
rCorr   +            o - +4 ring of protection
SInv    +            v - +6 ring of strength
Will    .....        x - ring of resist corrosion
Stlth   +++++        t - ring of ice
HPRegen 0.30/turn    (no ring)
MPRegen 0.12/turn    (no ring)
                     (no ring)

%: guardian spirit
@: under a protective aura
A: reduced essence, almost no armour, amphibious, 8 rings, camouflage 1,
gelatinous body 1, (nimble swimmer 1), tentacles
a: Renounce Religion, Recall Ancestor, Ancestor Identity


You were on level 8 of the Dungeon.
You worshipped Hepliaklqana.
Hepliaklqana was pleased with you.
You visited 1 branch of the dungeon, and saw 8 of its levels.

You collected 415 gold pieces.
You spent 155 gold pieces at shops.

Inventory:

Hand Weapons
 a - a +1 war axe of protection (weapon)
Missiles
 h - a throwing net
Armour
 b - a +1 buckler (worn)
Jewellery
 d - the amulet "Umutydad" (around mantle) {Spirit Int+3 SInv}
   (You found it on level 7 of the Dungeon)

   [amulet of guardian spirit]

   Spirit:    It causes incoming damage to be divided between your reserves of
   health and magic.
   Int+3:     It affects your intelligence (+3).
   SInv:      It lets you see invisible.
 l - a ring of see invisible (left tentacle)
 o - a +4 ring of protection (right tentacle)
 t - a ring of ice (on tentacle)
 v - a +6 ring of strength (on tentacle)
 x - a ring of resist corrosion (on tentacle)
Wands
 n - a wand of digging (3)
 u - a wand of iceblast (7)
 z - a wand of flame (17)
Scrolls
 i - 3 scrolls of fear
 j - a scroll of amnesia
 k - 3 scrolls of poison
 m - a scroll of noise
 w - a scroll of summoning
 y - a scroll of revelation
 A - 3 scrolls of immolation
Potions
 c - a potion of might
 e - 2 potions of curing
 f - a potion of resistance {unknown}
 g - a potion of mutation {unknown}
 p - 2 potions of degeneration
 q - a potion of lignification {unknown}
 r - a potion of attraction {unknown}


   Skills:
 + Level 6.8 Fighting
 + Level 10.3 Axes
 + Level 6.0 Dodging
 + Level 8.9 Stealth
 + Level 6.2 Shields


You had 9 spell levels left.
You didn't know any spells.
Your spell library contained the following spells:

 Spells                   Type           Power      Damage    Failure   Level
 Kiss of Death            Conj/Necr      0%         2d5       30%         1
 Ensorcelled Hibernation  Hex/Ice        0%         N/A       43%         2
 Jinxbite                 Hex            0%         N/A       43%         2
 Confusing Touch          Hex            0%         N/A       67%         3
 Anguish                  Hex/Necr       0%         N/A       97%         4
 Dispel Undead            Necr           0%         3d6       97%         4


Dungeon Overview and Level Annotations

Branches:
Dungeon (8/15)             Temple (0/1) D:7
   Lair: D:8-11

Altars:
Elyvilon
Hepliaklqana
Sif Muna

Shops:
D:3 *


Innate Abilities, Weirdness & Mutations

Your life essence is reduced to manifest your ancestor. (-10% HP)
You cannot wear most types of armour.
You are amphibious.
You can wear up to eight rings at the same time.
Your skin changes colour to match your surroundings (Stealth+).
Your rubbery body absorbs attacks. (AC +1, EV +1)
((You are camouflaged when in or above water. (Stealth+)))
You have tentacles for arms and can constrict up to eight enemies at once.


Message History

a +1 heavy flail; a +0 leather armour; an orc corpse You open the door.
There is an open door here.
A slime creature comes into view.
The slime creature hits you but does no damage.
You slash the slime creature!
Your weapon exudes an aura of protection.
The slime creature is lightly wounded.
You block the slime creature's attack.
You slash the slime creature!
The slime creature is heavily wounded.
A slime creature comes into view.
The slime creature hits you but does no damage.
You hit the slime creature. You squeeze the slime creature!
The slime creature is severely wounded.
Two slime creatures merge to form a large slime creature.
A slime creature comes into view.
You hit the large slime creature. You squeeze the large slime creature!
The large slime creature is heavily wounded.
Two slime creatures merge to form a very large slime creature.
You barely miss the very large slime creature.
The very large slime creature is moderately wounded.
A slime creature comes into view.
You hit the very large slime creature.
Your squeeze misses the very large slime creature.
The very large slime creature is moderately wounded.
Two slime creatures merge to form an enormous slime creature.
You slash the enormous slime creature!
The enormous slime creature is moderately wounded.
A slime creature comes into view.
You hit the enormous slime creature but do no damage.
The enormous slime creature is moderately wounded.
Two slime creatures merge to form a titanic slime creature.
You slice the titanic slime creature!!
The titanic slime creature is moderately wounded.
You slash the titanic slime creature!
The titanic slime creature is moderately wounded.
The titanic slime creature hits you!!!!
Ouch! That really hurt!
You die...

.. #. # ##.. ####.#
...## #R@J.# .#.#..
♣ #.########..#.#.#
~ #...# #...
.#...♣♣~ ##.#'###'##
#..#.~~~
#.........###..#o♣♣†
#.........##...#.♣ ~
#.........##..##o♣ ~
#.........##....♣♣ ~
#........)<#o###♣ ~


You could see the friendly Tiberia the knight and a titanic slime creature (ally
target).

Vanquished Creatures
  A gargoyle (D:7)
  A troll (D:7)
  A meliai (D:7)
  A shadow (D:7)
  A vampire mosquito (D:7)
  A water moccasin (D:6)
  2 black bears
  2 ice beasts (D:7)
  A sky beast (D:7)
  A phantom (D:7)
  3 centaurs
  2 bullfrogs (D:7)
  A wight (D:7)
  A killer bee (D:7)
  3 howler monkeys (D:7)
  An electric eel (D:8)
  4 hounds
  2 jellies
  2 orc priests
  2 gnoll boudas
  2 iguanas
  A sleepcap (D:7)
  Terence (D:2)
  An orc wizard (D:5)
  16 gnolls
  9 adders
  A shadow imp (D:6)
  A white imp (D:7)
  An ufetubus (D:4)
  2 dart slugs
  11 orcs
  6 ball pythons
  6 bats
  6 endoplasms
  3 giant cockroaches (D:1)
  6 goblins
  9 hobgoblins
  2 jackals (D:4)
  A frilled lizard (D:2)
  4 kobolds
  2 rats
124 creatures vanquished.

Vanquished Creatures (collateral kills)
  A deep elf pyromancer (D:7)
  Jeremiah (D:7)
  An unseen horror (D:7)
  A slime creature (D:7)
  A vampire (D:7)
  A basilisk (D:7)
  A water moccasin (D:5)
  2 sky beasts (D:7)
  An ice beast (D:7)
  A black bear (D:7)
  A bullfrog (D:7)
  A scorpion (D:7)
  2 gnoll boudas (D:7)
  An orc priest (D:6)
  An iguana (D:7)
  4 gnolls
  An ufetubus (D:5)
  6 orcs
28 creatures vanquished.

Grand Total: 152 creatures vanquished

Notes
Turn   | Place    | Note
-------+----------+-------------------------------------------
     0 | D:1      | Maratek the Octopode Fighter began the quest for the Orb.
     0 | D:1      | Reached XP level 1. HP: 16/16 MP: 1/1
   102 | D:1      | Reached XP level 2. HP: 21/21 MP: 2/2
   348 | D:1      | Reached XP level 3. HP: 21/26 MP: 3/3
   491 | D:1      | Found a faded altar of an unknown god.
   492 | D:1      | Noticed an eye of devastation
   498 | D:1      | Noticed a shining eye
   501 | D:1      | Noticed a floating eye
   501 | D:1      | Noticed a great orb of eyes
   693 | D:2      | Reached skill level 1 in Stealth
  1080 | D:2      | Noticed Terence
  1090 | D:2      | Killed Terence
  1091 | D:2      | Reached XP level 4. HP: 19/31 MP: 4/4
  1353 | D:3      | Found a white marble altar of Elyvilon.
  1410 | D:3      | Found Exenoatz's Assorted Antiques.
  1427 | D:3      | Reached skill level 3 in Axes
  1690 | D:3      | Found a large runed translucent door.
  1691 | D:3      | Found a large runed translucent door.
  1818 | D:3      | Reached XP level 5. HP: 36/36 MP: 5/5
  1971 | D:3      | Found a hazy altar of Hepliaklqana.
  1979 | D:3      | Became a worshipper of Hepliaklqana the Forgotten
  2146 | D:3      | Found a shimmering blue altar of Sif Muna.
  2771 | D:4      | Reached XP level 6. HP: 34/43 MP: 6/6
  2989 | D:4      | Reached skill level 4 in Axes
  3295 | D:3      | Bought a jade ring for 155 gold pieces
  3451 | D:5      | Entered Level 5 of the Dungeon
  3461 | D:5      | Noticed a black bear
  3470 | D:5      | Killed a black bear
  3697 | D:5      | Reached skill level 5 in Stealth
  3697 | D:5      | Reached XP level 7. HP: 25/48 MP: 7/7
  3936 | D:5      | Reached * piety under Hepliaklqana
  3965 | D:5      | Reached skill level 5 in Axes
  4982 | D:6      | Reached XP level 8. HP: 48/48 MP: 8/8
  5054 | D:6      | Reached ** piety under Hepliaklqana
  5060 | D:6      | Remembered your ancestor Tiberia as a knight
  5120 | D:6      | Reached skill level 6 in Axes
  5901 | D:7      | Reached skill level 5 in Fighting
  5901 | D:7      | Reached skill level 7 in Axes
  5932 | D:7      | Noticed a slime creature
  5939 | D:7      | Killed a slime creature
  5940 | D:7      | Reached XP level 9. HP: 22/54 MP: 9/9
  6066 | D:7      | Reached skill level 5 in Shields
  6080 | D:7      | Noticed a gargoyle
  6093 | D:7      | Reached skill level 5 in Dodging
  6097 | D:7      | Reached skill level 8 in Axes
  6117 | D:7      | Killed a gargoyle
  6345 | D:7      | Identified the amulet "Umutydad" {Spirit Int+3 SInv}
  6386 | D:7      | Reached skill level 9 in Axes
  6389 | D:7      | Reached XP level 10. HP: 45/61 MP: 7/10
  6447 | D:7      | Noticed Jeremiah
  6597 | D:7      | Noticed a deep elf pyromancer
  6597 | D:7      | Noticed an unseen horror
  6607 | D:7      | Killed an unseen horror
  6611 | D:7      | Killed a deep elf pyromancer
  6614 | D:7      | Reached skill level 10 in Axes
  6866 | D:7      | Killed Jeremiah
  6968 | D:7      | Found a staircase to the Ecumenical Temple.
  7449 | D:8      | Annihilated by a titanic slime creature

Illustrated notes

Levels and vault maps discovered:
D:1:      sevenhm_arrival_forest_fort_small_4, layout_basic,
          hellmonk_ecumenical_altar_watching_god
D:2:      layout_rooms, uniq_terence
D:3:      layout_loops_ring, lemuel_coloured_pillars_altar,
          jmf_multi_god_temple2, serial_shops, nicolae_shop_window_shopping
D:4:      layout_loops_ring
D:5:      layout_basic, dreamdust_wishing_well
D:6:      layout_loops_cross, serial_rivers, chequers_serial_rivers_micro_b,
          chequers_serial_rivers_small_b, chequers_serial_rivers_small_3,
          chequers_serial_rivers_micro_a, chequers_serial_rivers_micro_c,
          chequers_serial_rivers_marsh
D:7:      nzn_winding_woodlands_stair_cross [nzn_winding_woodlands_5x15_garden,
          nzn_winding_woodlands_center_lodge,
          nzn_winding_woodlands_5x15_pockets, nzn_winding_woodlands_5x5_three,
          nzn_winding_woodlands_5x5_checkerboard,
          nzn_winding_woodlands_5x15_default,
          nzn_winding_woodlands_center_pierced_h,
          nzn_winding_woodlands_5x15_twine], layout_rooms, temple_pool_b,
          uniq_jeremiah
D:8:      layout_basic, skrybe_limestone_x, minmay_misc_feat_roman,
          serial_bayou_lake_a, uniq_amaemon

Skill      XL: |  1  2  3  4  5  6  7  8  9 10 |
---------------+-------------------------------+-----
Stealth        | 2 3 5 6 7 8 |  8.9
Axes           | 3 4 5 7 9 10 | 10.3
Fighting       | 4 5 6 |  6.8
Dodging        | 4 5 6 |  6.0
Shields        | 4 5 6 |  6.2

Action                     |  1- 3 |  4- 6 |  7- 9 | 10-12 || total
---------------------------+-------+-------+-------+-------++-------
  Melee: War axe           |    59 |    74 |   117 |    52 ||   302
         Tentacles         |     7 |    15 |    25 |    19 ||    66
         Constrict         |    15 |    21 |    23 |    11 ||    70
         Punch             |       |     2 |     1 |       ||     3
 Invoke: Recall Ancestor   |       |       |     1 |     1 ||     2
         Ancestor Life: Kn |       |       |     1 |       ||     1
    Use: Scroll            |       |    10 |     5 |     2 ||    17
         Potion            |       |       |     6 |       ||     6
   Stab: Sleeping          |     6 |    17 |     8 |     3 ||    34
         Distracted        |       |       |       |     1 ||     1
 Armour: Skin              |    31 |    49 |    71 |    34 ||   185
  Dodge: Dodged            |    47 |    39 |    68 |    19 ||   173
  Block: Buckler           |    13 |    12 |    50 |    18 ||    93
         Reflection        |       |       |     2 |       ||     2

Table legend: (Time is in decaauts)
 A = Elapsed time spent in this place.
 B = Non-inter-level travel time spent in this place.
 C = Inter-level travel time spent in this place.
 D = Time resting spent in this place.
 E = Time spent auto-exploring this place.
 F = Levels seen in this place.
 G = Mean time per level.
                   A        B        C        D        E       F      G
               +--------+--------+--------+--------+--------+-----+--------+
         Total |   7524 |   7210 |    314 |   1902 |   4029 |   8 |  940.5 |
       Dungeon |   7524 |   7210 |    314 |   1902 |   4029 |   8 |  940.5 |
               +--------+--------+--------+--------+--------+-----+--------+

Top non-repeatable levels by time:
     D:3: 1633 daAuts
     D:5: 1515 daAuts
     D:7: 1485 daAuts
     D:6: 712 daAuts
     D:1: 681 daAuts
     D:4: 605 daAuts
     D:2: 577 daAuts
     D:8: 313 daAuts
